 Dungeon Crawl Stone Soup version 0.18.1-48-g4cf74bf (webtiles) character file.

132 sinon the Chopper (level 5, 0/38 HPs)
             Began as a Formicid Warper on Sept 5, 2016.
             Slain by an orc
             ... wielding a +0 war axe
              (4 damage)
             ... on level 3 of the Dungeon.
             The game lasted 00:13:23 (2555 turns).

sinon the Chopper (Formicid Warper)                 Turns: 2555, Time: 00:13:24

Health: 0/38       AC: 12    Str: 16    XL:     5   Next: 38%
Magic:  8/8        EV:  5    Int: 13    God:
Gold:   14         SH:  0    Dex: 10    Spells: 1 memorised, 7 levels left

rFire  . . .     SeeInvis +     B - +0 quarterstaff
rCold  . . .     Gourm    .     y - +0 plate armour
rNeg   . . .     Faith    .     (no shield)
rPois  .         Spirit   .     (helmet unavailable)
rElec  .         Dismiss  .     (no cloak)
rCorr  .         Reflect  .     (no gloves)
SustAt .         Harm     .     w - +0 pair of boots
MR     .....                    (no amulet)
Stlth  ..........               (no ring)
                                (no ring)

@: not resistant to hostile enchantments, extremely unstealthy
A: permanent stasis, dig shafts and tunnels, four strong arms, antennae 3
a: Dig, Shaft Self


You were on level 3 of the Dungeon.
You were hungry.

You visited 1 branch of the dungeon, and saw 3 of its levels.

You collected 14 gold pieces.

Inventory:

Hand Weapons
 a - a +0 hand axe
 B - a +0 quarterstaff (weapon)
Missiles
 e - 5 tomahawks of dispersal
 h - 17 sling bullets
 i - 3 tomahawks
 n - 17 poisoned needles
 o - 46 bolts
 u - 43 stones (quivered)
Armour
 b - a +0 leather armour
 w - a +0 pair of boots (worn)
 y - a +0 plate armour (worn)
Scrolls
 d - a scroll of blinking
 m - a scroll of enchant weapon {unknown}
 p - 2 scrolls of remove curse {unknown}
 s - a scroll of recharging {unknown}
 v - a scroll of noise {unknown}
 z - a scroll of magic mapping {unknown}
Potions
 j - a potion of curing {unknown}
 k - a potion of degeneration {unknown}
 l - 2 potions of flight {unknown}
 q - a potion of mutation {unknown}
 x - a potion of lignification {unknown}
 A - a potion of resistance {unknown}
Books
 c - a book of Spatial Translocations

   Spells                             Type                      Level
   a - Apportation                    Translocation                1
   b - Blink                          Translocation                2
   c - Shroud of Golubria             Charms/Translocation         2
   d - Portal Projectile              Translocation                3
   e - Teleport Other                 Translocation                3
   f - Passage of Golubria            Translocation                4
Comestibles
 f - a bread ration
 g - 3 slices of pizza
 r - 3 meat rations
 t - 2 chunks of flesh


   Skills:
 - Level 2.1 Fighting
 - Level 4.1 Axes
 + Level 0.2 Staves
 - Level 1.0 Throwing
 - Level 3.3 Armour
 - Level 1.7 Dodging
 - Level 2.1 Spellcasting
 - Level 2.6 Translocations


You had 7 spell levels left.
You knew the following spells:

 Your Spells              Type           Power        Failure   Level  Hunger
a - Apportation           Tloc           #.........   100%        1    ##.....


Dungeon Overview and Level Annotations

Branches:
Dungeon (3/15)

Altars:


Innate Abilities, Weirdness & Mutations

You are under a permanent stasis effect.
You can dig through walls and to a lower floor.
Your four strong arms can wield two-handed weapons with a shield.
You have a pair of large antennae on your head (SInv).


Message History

The orc hits you but does no damage.
You closely miss the orc. The orc hits you but does no damage.
You closely miss the orc. The orc hits you but does no damage.
You closely miss the orc. The orc hits you but does no damage.
Your plate armour prevents you from hitting the orc.
The orc hits you with a flail.
* * * LOW HITPOINT WARNING * * *
Your plate armour prevents you from hitting the orc.
The orc hits you with a flail.
* * * LOW HITPOINT WARNING * * *
You barely miss the orc. The orc barely misses you.
You thump the orc!
You kill the orc!
The orc hits you with a war axe.
* * * LOW HITPOINT WARNING * * *
Your plate armour prevents you from hitting the orc.
The orc hits you but does no damage.
You barely miss the orc. The orc hits you but does no damage.
You closely miss the orc. The orc hits you with a war axe.
You die...

.# #. .# .
.#o# ##
{#. .. .(
#. (#
#..#####)#
#...<.@oo#
#.########


You could see 2 orcs.

Vanquished Creatures
  An orc wizard (D:3)
  3 adders (D:2)
  An ooze (D:2)
  3 worms (D:2)
  A dart slug (D:2)
  4 orcs (D:3)
  5 giant cockroaches
  7 goblins
  6 hobgoblins
  6 jackals
  6 kobolds
  A ball python (D:1)
  6 bats
  2 giant newts
  5 rats
57 creatures vanquished.

Notes
Turn   | Place    | Note
--------------------------------------------------------------
     0 | D:1      | sinon the Formicid Warper began the quest for the Orb.
     0 | D:1      | Reached XP level 1. HP: 16/16 MP: 3/3
   559 | D:1      | Reached XP level 2. HP: 18/22 MP: 5/5
   733 | D:1      | Reached skill level 3 in Axes
   994 | D:1      | Reached XP level 3. HP: 27/27 MP: 6/6
  1676 | D:2      | Reached skill level 4 in Axes
  1676 | D:2      | Reached XP level 4. HP: 14/33 MP: 7/7
  2523 | D:3      | Reached XP level 5. HP: 37/38 MP: 8/8
  2555 | D:3      | Slain by an orc

Skill      XL: |  1  2  3  4  5 |
---------------+----------------+-----
Axes           | 3 4 |  4.1
Armour         | 2 3 |  3.3
Fighting       | |  2.1
Staves         | |  0.2
Throwing       | |  1.0
Dodging        | |  1.7
Spellcasting   | |  2.1
Translocations | |  2.6

Action                   |  1- 3 |  4- 6 || total
-------------------------+-------+-------++-------
Melee: Hand axe          |   153 |    17 ||   170
       Quarterstaff      |       |    87 ||    87
Throw: Stone             |     3 |    15 ||    18
 Stab: Distracted        |     1 |       ||     1
  Eat: Chunk             |     3 |     2 ||     5
Armor: Leather armour    |    36 |       ||    36
       Plate armour      |    14 |    57 ||    71
Dodge: Dodged            |    81 |    17 ||    98
